AoeStats
← MrIonV

Arabia

510143169Analyzed
1v1 RM · 2d ago on Sep 29, 2026· 34m 13s· 2 players
Game mode
Random Map
Map size
Tiny (2 player)
Population
200
Speed
Normal
Resources
Standard
Victory
Conquest
Starting age
Dark Age
Ending age
Imperial Age
RankedLock teamsTeams togetherTeam positionsShared explorationLock speedFull tech treeHidden civsTurbo modeCheats
Victory
Defeat
🇲🇽 Teutons · Mexico
944
+15
🇬🇧 Poles · United Kingdom
922
-15
MrIonV
7:46 Loom
11:16 Feudal Age
20:47 Castle Age
19:27 Double-Bit Axe
24:25 Husbandry
Manololc
8:18 Feudal Age
6:57 Loom
12:26 Scale Barding Armor
20:35 Castle Age
19:23 Gold Mining
22:28 Forging
24:50 Chain Barding Armor
Connection lost

Rejoining the realm…

Still unreachable

The connection could not be restored.

Session expired

The server has moved on; the page needs a fresh start.